[Event "Titled Tuesday Blitz April 12 Early 2022"]
[White "Politov, Pavel Y."]
[Black "Iljin, Timofey"]
[WhiteFideId "24110515"]
[BlackFideId "14110180"]
[WhiteElo "2090"]
[BlackElo "2396"]
[Result "0-1"]
[Round "02"]
[TimeControl "180+1"]
[Date "2022.04.13"]
[WhiteClock "0:00:01"]
[BlackClock "0:00:07"]

1. e4 d5 2. exd5 Nf6 3. Nf3 Bg4 4. h3 Bh5 5. d4 Qxd5 6. Nc3 Bxf3 7. Nxd5 Bxd1 8. Nxc7+ Kd8 9. Nxa8 Bxc2 10. Bf4 Nc6 11. Nc7 e5 12. Bxe5 Bb4+ 13. Ke2 Nd7 14. Nd5 Ba5 15. Nc3 f6 16. Bh2 Re8+ 17. Kd2 Nxd4 18. Bd3 Bxd3 19. Kxd3 Nc6 20. Rhe1 Nde5+ 21. Bxe5 Nxe5+ 22. Kc2 g5 23. Rad1+ Kc8 24. g3 Rg8 25. Rd5 Bb6 26. Rd6 Rf8 27. Re2 h5 28. Ne4 Bd8 29. h4 g4 30. Nd2 Bc7 31. Rd5 Nc6 32. Ne4 a6 33. Rd1 Bb6 34. Kb1 Bd4 35. Nd6+ Kc7 36. Nf5 Be5 37. Ng7 Rh8 38. Ne6+ Kb6 39. Red2 Re8 40. Nf4 Bxf4 41. gxf4 Re4 42. Rd7 Rxf4 43. Rh7 Rxf2 44. Rxh5 f5 45. Rg5 Ne5 46. h5 Nc4 47. b3 Ne3 48. Re1 Ng2 49. Rg1 Ne3 50. h6 Rh2 51. Rg6+ Kb5 52. Re1 f4 53. Rxe3 fxe3 54. Rxg4 Rh1+ 55. Kb2 e2 56. h7 e1=Q 0-1


[Site "https://www.chess.com"]

[Event "Titled Tuesday Blitz April 12 Early 2022"]
[White "Potapova, Margarita"]
[Black "Kostiukov, Alexandr"]
[WhiteFideId "14126869"]
[BlackFideId "14108100"]
[WhiteElo "2216"]
[BlackElo "2202"]
[Result "1-0"]
[Round "02"]
[TimeControl "180+1"]
[Date "2022.04.13"]
[WhiteClock "0:00:26"]
[BlackClock "0:00:02"]

1. d4 g6 2. e4 c5 3. dxc5 Qa5+ 4. Nc3 Qxc5 5. Nd5 Na6 6. Be3 Qa5+ 7. Bd2 Qd8 8. Bc3 f6 9. h4 h5 10. e5 Bg7 11. exf6 Nxf6 12. Nf4 O-O 13. Nxg6 Rf7 14. Nf3 Ng4 15. Bc4 Bxc3+ 16. bxc3 e6 17. O-O Qf6 18. Bd3 Nc5 19. Ng5 Rg7 20. Be2 Qxg6 21. Qd4 b6 22. Bf3 Bb7 23. Be2 Bc6 24. Rad1 Qf6 25. Bxg4 1-0


[Site "https://www.chess.com"]

[Event "Titled Tuesday Blitz April 12 Early 2022"]
[White "Pourkashiyan, Atousa"]
[Black "Babazada, Khazar"]
[WhiteFideId "12502014"]
[BlackFideId "13413554"]
[WhiteElo "2247"]
[BlackElo "2406"]
[Result "1-0"]
[Round "02"]
[TimeControl "180+1"]
[Date "2022.04.13"]
[WhiteClock "0:00:31"]
[BlackClock "0:00:47"]

1. e4 Nf6 2. e5 Nd5 3. d4 d6 4. Nf3 Nb6 5. Be2 g6 6. O-O Bg7 7. exd6 cxd6 8. c3 O-O 9. Bg5 Nc6 10. Re1 h6 11. Bh4 Be6 12. Nbd2 Qd7 13. h3 Rae8 14. Bd3 Bf5 15. Ne4 g5 16. Bg3 Bg6 17. Qd2 f5 18. Nexg5 hxg5 19. Qxg5 Bh7 20. Qh5 e6 21. Bxd6 Nd5 22. Bh2 Bf6 23. Bc4 Na5 24. Bxd5 exd5 25. Rxe8 Rxe8 26. Ng5 Bxg5 27. Qxg5+ Qg7 28. Qh5 Bg6 29. Qf3 Bh7 30. Qxd5+ Kh8 31. Qxa5 b6 32. Qd5 Bg8 33. Qc6 Re6 34. Qxe6 1-0


[Site "https://www.chess.com"]

[Event "Titled Tuesday Blitz April 12 Early 2022"]
[White "Prohorov, Olexandr"]
[Black "Uzuner, Tufan Can"]
[WhiteFideId "14105578"]
[BlackFideId "6300499"]
[WhiteElo "1993"]
[BlackElo "2047"]
[Result "1/2-1/2"]
[Round "02"]
[TimeControl "180+1"]
[Date "2022.04.13"]
[WhiteClock "0:01:06"]
[BlackClock "0:01:00"]

1. Nf3 d5 2. d4 Nf6 3. c4 c6 4. Nc3 a6 5. cxd5 cxd5 6. Bg5 Nc6 7. Rc1 Bf5 8. e3 Rc8 9. Bd3 Bg6 10. O-O e6 11. Ne5 Be7 12. f4 Bxd3 13. Qxd3 O-O 14. h3 Nd7 15. Bxe7 Qxe7 16. g4 Ndxe5 17. fxe5 Qh4 18. Rf3 f6 19. exf6 Rxf6 20. Rcf1 Rcf8 21. Rxf6 Qg3+ 22. Kh1 Qxh3+ 23. Kg1 Qxg4+ 24. Kh1 Qh4+ 25. Kg1 Rxf6 26. Rxf6 Qxf6 27. Na4 Qg6+ 28. Qxg6 hxg6 29. Nc5 Nd8 30. Kf2 Kf7 31. Kg3 Ke7 32. Kf4 a5 33. Kg5 b6 34. Na4 b5 35. Nc5 Kf7 36. Nd7 Ke7 37. Ne5 Nf7+ 38. Kxg6 Nxe5+ 39. dxe5 Kf8 40. a3 a4 41. Kh5 Kf7 42. Kg5 Kf8 43. Kh5 Kg8 44. Kg6 Kh8 45. Kh5 Kh7 46. Kg5 Kg8 47. Kh5 Kf8 48. Kg5 Kf7 49. Kh5 Kg8 50. Kg5 Kh7 51. Kh5 Kh8 52. Kg6 Kg8 53. Kh5 Kf8 54. Kg5 Kg8 55. Kh5 1/2-1/2


[Site "https://www.chess.com"]

[Event "Titled Tuesday Blitz April 12 Early 2022"]
[White "Przybylski, Wojciech"]
[Black "Hansen, Eric"]
[WhiteFideId "1117599"]
[BlackFideId "2606771"]
[WhiteElo "2133"]
[BlackElo "2568"]
[Result "0-1"]
[Round "02"]
[TimeControl "180+1"]
[Date "2022.04.13"]
[WhiteClock "0:00:01"]
[BlackClock "0:00:22"]

1. e4 c5 2. Nf3 e6 3. b3 Nf6 4. e5 Nd5 5. Bb2 Nc6 6. Nc3 d6 7. exd6 Qxd6 8. Ne4 Qc7 9. Bb5 Bd7 10. O-O f6 11. c4 Nf4 12. d3 a6 13. Ba4 O-O-O 14. g3 Ng6 15. Qe2 e5 16. Nc3 Be6 17. a3 h5 18. b4 Bg4 19. Nd5 Qd6 20. bxc5 Qxc5 21. Qe3 h4 22. Nd2 hxg3 23. hxg3 Qxe3 24. fxe3 Be2 25. Rf2 Bxd3 26. Bxc6 bxc6 27. Nb4 Bc5 28. Re1 Kb7 29. Kg2 a5 30. Na2 Ne7 31. Nc1 a4 32. Kf3 Bg6 33. g4 Rh3+ 34. Kg2 Rxe3 35. Rd1 Bxa3 36. Bxa3 Rxa3 37. Rff1 Bc2 38. Nb1 Rxd1 39. Nxa3 Be4+ 40. Kf2 Rxf1+ 41. Kxf1 Kb6 42. Ke2 Ka5 43. Na2 Bh7 44. Kd2 Nc8 45. Kc3 Nd6 46. Nc1 Ne4+ 47. Kb2 Nf2 48. Na2 Nxg4 49. Kc3 Ne3 50. Kd2 Nf5 51. Kc3 Nd4 52. Kd2 g5 53. Ke3 g4 54. c5 Bg8 55. Nc3 Kb4 56. Nab1 a3 57. Nxa3 Kxa3 58. Ne4 f5 59. Nd6 Bd5 60. Nc8 Kb4 61. Ne7 Kxc5 62. Kf2 f4 63. Kg1 g3 64. Kf1 f3 65. Ng6 Bc4+ 66. Kg1 f2+ 67. Kg2 f1=Q+ 68. Kxg3 Qg1+ 69. Kh3 Be6+ 70. Kh4 Nf3+ 71. Kh5 Qg5# 0-1


[Site "https://www.chess.com"]

[Event "Titled Tuesday Blitz April 12 Early 2022"]
[White "Raahul V S"]
[Black "Zemlyanskii, Ivan"]
[WhiteFideId "25035525"]
[BlackFideId "24249971"]
[WhiteElo "2185"]
[BlackElo "1759"]
[Result "0-1"]
[Round "02"]
[TimeControl "180+1"]
[Date "2022.04.13"]
[WhiteClock "0:00:01"]
[BlackClock "0:00:08"]

1. c4 e5 2. Nc3 Bb4 3. g3 Nf6 4. Bg2 c6 5. Nf3 e4 6. Nd4 Qe7 7. O-O O-O 8. d3 d5 9. cxd5 cxd5 10. Bg5 Bxc3 11. bxc3 Nbd7 12. Nb5 Qc5 13. a4 a6 14. Be3 Qc6 15. Qc2 Ne5 16. Bd4 Re8 17. Na7 Qc7 18. Nxc8 Raxc8 19. dxe4 dxe4 20. Bxe4 Nxe4 21. Qxe4 Ng6 22. Qf3 Re7 23. Rfb1 Rce8 24. e3 Qd7 25. h4 Re4 26. h5 Nf8 27. h6 Ng6 28. hxg7 Rg4 29. Kf1 Qe6 30. Rxb7 Nh4 31. gxh4 Qc4+ 32. Qe2 Rg1+ 33. Kxg1 Qxe2 34. Rab1 Qg4+ 35. Kf1 Qh3+ 36. Ke2 Qg4+ 37. Kd2 Qg2 38. Ke2 Qg4+ 39. Kd2 Qf3 40. Ke1 Qh1+ 41. Ke2 Qc6 42. Rb8 h6 43. Rxe8+ Qxe8 44. Rb6 Qc8 45. Kd2 Qc7 0-1


[Site "https://www.chess.com"]

[Event "Titled Tuesday Blitz April 12 Early 2022"]
[White "Rabineau, Clement"]
[Black "Lianes Garcia, Marcos"]
[WhiteFideId "628891"]
[BlackFideId "32060777"]
[WhiteElo "2237"]
[BlackElo "2310"]
[Result "0-1"]
[Round "02"]
[TimeControl "180+1"]
[Date "2022.04.13"]
[WhiteClock "0:00:02"]
[BlackClock "0:01:04"]

1. e4 g6 2. d4 Bg7 3. c4 c5 4. Ne2 Nc6 5. Be3 Qb6 6. Nbc3 cxd4 7. Nd5 Qa5+ 8. Bd2 Qd8 9. h4 e6 10. Nb4 Ne5 11. Nxd4 Ne7 12. Bc3 O-O 13. h5 a6 14. Nbc2 Qc7 15. Ne3 b5 16. cxb5 axb5 17. Bxb5 Bb7 18. f4 N5c6 19. Nxc6 Nxc6 20. Bxg7 Kxg7 21. Bxc6 Bxc6 22. Qd4+ e5 23. fxe5 Ra4 24. Qc3 Rxe4 25. hxg6 hxg6 26. e6+ Qe5 27. Qxe5+ Rxe5 28. Kd2 dxe6 29. Rae1 Ra8 30. a3 Rb5 31. Kc1 Be4 32. Re2 Rc8+ 33. Kd1 Rbc5 34. Rf1 Bd3 0-1


[Site "https://www.chess.com"]

[Event "Titled Tuesday Blitz April 12 Early 2022"]
[White "Reprintsev, Alexander"]
[Black "Hess, Robert"]
[WhiteFideId "14100541"]
[BlackFideId "2022036"]
[WhiteElo "2108"]
[BlackElo "2557"]
[Result "0-1"]
[Round "02"]
[TimeControl "180+1"]
[Date "2022.04.13"]
[WhiteClock "0:01:03"]
[BlackClock "0:00:03"]

1. e4 g6 2. d4 Bg7 3. Nc3 a6 4. h4 h6 5. f4 h5 6. Nf3 d6 7. Ng5 Nh6 8. Be2 Bg4 9. Bf3 Qd7 10. Be3 Nc6 11. d5 Nd8 12. Qd2 f6 13. Nh3 c5 14. dxc6 bxc6 15. O-O-O Rb8 16. Nf2 Ndf7 17. Nxg4 Nxg4 18. Rhe1 Nxe3 19. Qxe3 O-O 20. f5 Bh6 21. fxg6 Bxe3+ 22. Rxe3 Ne5 23. Bxh5 Rxb2 24. g7 Rfb8 25. Rg3 Qe6 26. Be2 Rxa2 27. Nxa2 Qxa2 28. Kd2 Qa5+ 29. Ke3 Rb2 30. Bd3 Qc5+ 31. Kf4 Nxd3+ 32. cxd3 Rf2+ 33. Kg4 Kxg7 34. Kh3+ Kf7 35. d4 Qc2 36. Re1 Qd2 37. Ree3 Qxd4 38. h5 Qe5 39. Kh4 Rf4+ 40. Rg4 Qg5+ 0-1


[Site "https://www.chess.com"]

[Event "Titled Tuesday Blitz April 12 Early 2022"]
[White "Rodchenkov, Vitaly"]
[Black "Le Ruyet, Leopold"]
[WhiteFideId "4152964"]
[BlackFideId "645923"]
[WhiteElo "2337"]
[BlackElo "2276"]
[Result "0-1"]
[Round "02"]
[TimeControl "180+1"]
[Date "2022.04.13"]
[WhiteClock "0:00:33"]
[BlackClock "0:00:10"]

1. Nf3 Nf6 2. c4 g6 3. b4 Bg7 4. Bb2 O-O 5. e3 d6 6. Be2 e5 7. d3 a5 8. a3 Nc6 9. b5 Ne7 10. O-O Nd7 11. a4 f5 12. d4 e4 13. Ne1 d5 14. c5 c6 15. Nd2 f4 16. Bg4 Nf5 17. Qb3 Nf6 18. Bh3 g5 19. Bxf5 Bxf5 20. bxc6 bxc6 21. Bc3 Rb8 22. Qc2 Qe8 23. Bxa5 Qh5 24. exf4 gxf4 25. Bc7 e3 26. Nd3 exd2 27. Bxb8 Rxb8 28. Qxd2 Bh6 29. f3 Qh4 30. Rfb1 Re8 31. Re1 Rf8 32. Re5 Nh5 33. Qe1 Qg5 34. Qe2 Bg7 35. Re7 Bxd3 36. Rxg7+ Nxg7 37. Qxd3 Nf5 38. Qa6 Ne3 39. Ra2 Rb8 40. Qd3 Rb4 41. a5 Rc4 42. Qd2 Qg6 43. Rb2 Ra4 44. Rb1 Qxb1+ 45. Kf2 Qf1# 0-1


[Site "https://www.chess.com"]

[Event "Titled Tuesday Blitz April 12 Early 2022"]
[White "Roebers, Jan"]
[Black "Zia, Tahsin Tajwar"]
[WhiteFideId "1007815"]
[BlackFideId "10211888"]
[WhiteElo "2126"]
[BlackElo "1800"]
[Result "1-0"]
[Round "02"]
[TimeControl "180+1"]
[Date "2022.04.13"]
[WhiteClock "0:01:45"]
[BlackClock "0:01:48"]

1. e4 c6 2. d4 d5 3. Nc3 dxe4 4. Nxe4 Nf6 5. Nxf6+ exf6 6. h3 Bd6 7. c3 O-O 8. Bd3 Re8+ 9. Ne2 Nd7 10. O-O Nf8 11. Bf4 Ng6 12. Bxd6 Qxd6 13. Qd2 Be6 14. b3 Rad8 15. Rae1 a5 16. Ng3 Nh4 17. Ne4 Qc7 18. Nc5 Bxh3 19. Rxe8+ Rxe8 20. Re1 Rxe1+ 21. Qxe1 Bd7 22. Qe7 g5 23. Nxd7 Qf4 24. Qf8# 1-0


[Site "https://www.chess.com"]

[Event "Titled Tuesday Blitz April 12 Early 2022"]
[White "Rohith Krishna S"]
[Black "Omelja, Artem"]
[WhiteFideId "46617051"]
[BlackFideId "14119846"]
[WhiteElo "2117"]
[BlackElo "2382"]
[Result "1-0"]
[Round "02"]
[TimeControl "180+1"]
[Date "2022.04.13"]
[WhiteClock "0:00:12"]
[BlackClock "0:00:04"]

1. e4 c5 2. Nf3 e6 3. d4 cxd4 4. Nxd4 Nf6 5. Nc3 a6 6. a4 Bb4 7. Bd3 d6 8. O-O Nbd7 9. Nce2 Qc7 10. c3 Bc5 11. Kh1 O-O 12. Bc2 Bxd4 13. Nxd4 b6 14. f3 Bb7 15. Be3 Rac8 16. Bf2 Rfd8 17. Qe2 Ne5 18. Rfd1 Nc4 19. Bd3 Nd7 20. b3 Nce5 21. Bxa6 Bxa6 22. Qxa6 Qxc3 23. Nb5 Qxb3 24. Nxd6 Rc2 25. Bg3 Nxf3 26. Nxf7 Kxf7 27. Rd3 Rc3 28. Rxc3 Qxc3 29. Rf1 Nf6 30. gxf3 Rd1 31. Qe2 Rd2 32. Be1 Rxe2 33. Bxc3 Ra2 34. Ra1 Rxa1+ 35. Bxa1 Nd7 36. Bd4 e5 37. Be3 Ke6 38. Kg2 Kd6 39. Bd2 Nc5 40. a5 Nb3 41. Bb4+ Kc7 42. axb6+ Kxb6 43. Bd6 Kc6 44. Bxe5 g6 45. Kg3 Nc5 46. Bf6 Kd7 47. Kf4 Ke6 48. Bd4 Nd3+ 49. Ke3 Nb4 50. Bc5 Nc6 51. Ba3 Ne5 52. Bc1 Nc4+ 53. Kd4 Ne5 54. Ke3 Nc4+ 55. Kf2 Ne5 56. Be3 Nd3+ 57. Ke2 Ne5 58. f4 Ng4 59. Bg1 Nf6 60. Kf3 Nd7 61. Bd4 Nb8 62. h4 Nc6 63. Bc3 Ne7 64. Kg4 Kf7 65. Kg5 Ng8 66. h5 gxh5 67. Kxh5 Ke6 68. Be5 Kf7 69. Kg5 Ne7 70. Kh6 Ng6 71. Bc7 Nf8 72. f5 Kf6 73. Bd6 Nd7 74. Kxh7 Nb6 75. Bc5 Nc4 76. Bd4+ Kg5 77. f6 Nd6 78. Kg8 Kg6 79. e5 Nf5 80. Bc5 Nh6+ 81. Kf8 Nf7 82. e6 Ng5 83. e7 Ne6+ 84. Kg8 Kxf6 85. e8=Q Nxc5 86. Qf8+ Ke5 87. Qxc5+ Ke4 88. Kf7 1-0


[Site "https://www.chess.com"]

[Event "Titled Tuesday Blitz April 12 Early 2022"]
[White "Roman, Rodrigo"]
[Black "Gunina, Valentina"]
[WhiteFideId "3701220"]
[BlackFideId "4167570"]
[WhiteElo "2001"]
[BlackElo "2381"]
[Result "0-1"]
[Round "02"]
[TimeControl "180+1"]
[Date "2022.04.13"]
[WhiteClock "0:01:57"]
[BlackClock "0:01:53"]

1. e4 c6 2. d4 d5 3. Nc3 dxe4 4. Nxe4 Nf6 5. Nxf6+ exf6 6. Nf3 Bd6 7. Bc4 O-O 8. O-O Bg4 9. h3 Bh5 10. Be3 Nd7 11. Be2 Re8 12. Nd2 Bg6 13. Nc4 Bc7 14. Bf3 Nb6 15. Nxb6 axb6 16. c3 Bf5 17. Bg4 Qd6 18. g3 Rxe3 19. Re1 Rxe1+ 20. Qxe1 Bxg4 21. hxg4 g6 22. Qd2 Kg7 23. Kg2 Qd5+ 24. f3 Qd6 25. f4 Qd5+ 26. Kh3 Re8 27. b3 Qf3 28. Qg2 Qxc3 29. Rd1 Bxf4 30. d5 Re3 31. Rg1 Rxg3+ 32. Qxg3 Bxg3 33. Rxg3 Qe1 34. dxc6 Qh1# 0-1


[Site "https://www.chess.com"]

[Event "Titled Tuesday Blitz April 12 Early 2022"]
[White "Rostovtsev, Dmitry"]
[Black "Gallegos Diaz, Carlos Alberto"]
[WhiteFideId "34278320"]
[BlackFideId "3900886"]
[WhiteElo "2272"]
[BlackElo "2362"]
[Result "1-0"]
[Round "02"]
[TimeControl "180+1"]
[Date "2022.04.13"]
[WhiteClock "0:00:09"]
[BlackClock "0:00:12"]

1. c4 d6 2. Nc3 Nf6 3. Nf3 e5 4. d4 Nbd7 5. g3 Be7 6. Bg2 c6 7. O-O e4 8. Ng5 d5 9. cxd5 cxd5 10. Qb3 Nb6 11. Nh3 O-O 12. Bg5 Be6 13. Bxf6 Bxf6 14. Rfd1 Qd7 15. Nf4 Rfd8 16. a4 Rac8 17. a5 Nc4 18. a6 b6 19. e3 g5 20. Nxe6 fxe6 21. Rdc1 Kg7 22. Bf1 Nd2 23. Qb5 Nf3+ 24. Kh1 Qf7 25. Bg2 Qh5 26. Bxf3 Qxf3+ 27. Kg1 Rc4 28. Qb3 Rdc8 29. Qd1 g4 30. Qxf3 gxf3 31. Rcb1 Rb4 32. Kf1 Kf7 33. Ke1 Ke7 34. Kd2 Kd7 35. Ra4 Be7 36. Rxb4 Bxb4 37. h4 Bxc3+ 38. bxc3 Rc4 39. Rb4 Rxb4 40. cxb4 Kc6 41. g4 Kd7 42. Ke1 Ke7 43. Kf1 Kf6 44. Kg1 h5 45. gxh5 Kg7 46. Kh2 Kh6 47. Kg3 Kxh5 48. b5 Kg6 49. Kg4 Kh6 50. h5 Kh7 51. Kg5 Kg7 52. h6+ Kh7 53. Kh5 Kg8 54. Kg6 Kh8 55. h7 e5 56. dxe5 d4 57. e6 dxe3 58. e7 1-0


[Site "https://www.chess.com"]

[Event "Titled Tuesday Blitz April 12 Early 2022"]
[White "Rudykh, Stepan"]
[Black "Shtyka, Sergey"]
[WhiteFideId "4180321"]
[BlackFideId "4138465"]
[WhiteElo "2137"]
[BlackElo "2014"]
[Result "0-1"]
[Round "02"]
[TimeControl "180+1"]
[Date "2022.04.13"]
[WhiteClock "0:00:12"]
[BlackClock "0:00:40"]

1. e4 c5 2. Nf3 d6 3. d4 cxd4 4. Nxd4 Nf6 5. Nc3 g6 6. Be3 Bg7 7. f3 O-O 8. Qd2 Nc6 9. g4 Be6 10. h4 Nxd4 11. Bxd4 Qa5 12. h5 Rac8 13. hxg6 fxg6 14. Qh2 Rf7 15. O-O-O Bxa2 16. Nxa2 Qxa2 17. Bd3 a5 18. f4 Bh8 19. g5 Nh5 20. Bxh8 Kxh8 21. f5 Qa1+ 22. Kd2 Qxb2 23. Rb1 Qc3+ 24. Kd1 Rc7 25. Rb3 Qd4 26. fxg6 hxg6 27. e5 Rf2 28. Qg1 Qa1+ 0-1


[Site "https://www.chess.com"]

[Event "Titled Tuesday Blitz April 12 Early 2022"]
[White "Rustemov, Alexander"]
[Black "Seul, Georg"]
[WhiteFideId "4119002"]
[BlackFideId "4601653"]
[WhiteElo "2829"]
[BlackElo "2271"]
[Result "1-0"]
[Round "02"]
[TimeControl "180+1"]
[Date "2022.04.13"]
[WhiteClock "0:00:59"]
[BlackClock "0:00:06"]

1. d4 Nf6 2. c4 e6 3. Nf3 Bb4+ 4. Bd2 c5 5. Bxb4 cxb4 6. g3 b6 7. Bg2 Bb7 8. O-O O-O 9. Qd3 a5 10. a3 Na6 11. Nbd2 d6 12. e4 Qc7 13. Rfe1 Rfd8 14. h3 h6 15. Red1 Rac8 16. Ne1 e5 17. Nc2 bxa3 18. Qxa3 Nb4 19. Nxb4 axb4 20. Qe3 exd4 21. Qxd4 Qc5 22. Nb3 Qxd4 23. Rxd4 Re8 24. Nd2 Re6 25. Ra4 Nd7 26. Rxb4 Ra8 27. f3 Ra1+ 28. Kf2 Rc1 29. Rd3 Bc6 30. Rc3 Rxc3 31. bxc3 g5 32. Nb3 Ne5 33. Ke3 Nd7 34. Nd4 1-0


[Site "https://www.chess.com"]

[Event "Titled Tuesday Blitz April 12 Early 2022"]
[White "Sadilek, Peter"]
[Black "Decuigniere, Tom"]
[WhiteFideId "1616439"]
[BlackFideId "26093820"]
[WhiteElo "2145"]
[BlackElo "1997"]
[Result "1/2-1/2"]
[Round "02"]
[TimeControl "180+1"]
[Date "2022.04.13"]
[WhiteClock "0:00:31"]
[BlackClock "0:01:16"]

1. Nf3 c5 2. c4 g6 3. d4 cxd4 4. Nxd4 Nc6 5. e4 Bg7 6. Be3 Nf6 7. Nc3 O-O 8. Be2 d6 9. O-O Bd7 10. h3 Nxd4 11. Bxd4 Bc6 12. Qc2 Nd7 13. Bxg7 Kxg7 14. Rad1 a5 15. Bg4 Ne5 16. c5 Nxg4 17. hxg4 Qc8 18. cxd6 Qxg4 19. dxe7 Rfe8 20. Nd5 Bxd5 21. Qc3+ Kg8 22. exd5 Rxe7 23. d6 Rd7 24. Rd5 Rad8 25. Rfd1 h5 26. Qxa5 h4 27. R1d4 Qe2 28. Rxh4 Qxb2 29. Rd1 Qf6 30. Rhd4 Rxd6 31. Rxd6 Rxd6 32. Qa8+ Kg7 33. Rxd6 Qxd6 34. Qxb7 Qd1+ 35. Kh2 Qh5+ 36. Kg1 Qd1+ 37. Kh2 Qh5+ 38. Kg3 Qg5+ 39. Kf3 Qf5+ 40. Ke3 Qe6+ 41. Qe4 Qxa2 42. Qe5+ 1/2-1/2


[Site "https://www.chess.com"]

[Event "Titled Tuesday Blitz April 12 Early 2022"]
[White "Sahil, Tickoo"]
[Black "Wagner, Dinara"]
[WhiteFideId "5019710"]
[BlackFideId "24157570"]
[WhiteElo "2099"]
[BlackElo "2216"]
[Result "0-1"]
[Round "02"]
[TimeControl "180+1"]
[Date "2022.04.13"]
[WhiteClock "0:00:01"]
[BlackClock "0:00:10"]

1. d4 Nf6 2. c4 e6 3. Nc3 Bb4 4. Qc2 O-O 5. a3 Bxc3+ 6. Qxc3 d5 7. Nf3 dxc4 8. Qxc4 b6 9. Bg5 Ba6 10. Qa4 h6 11. Bh4 Qd7 12. Qc2 c5 13. Bxf6 gxf6 14. dxc5 Rc8 15. Qe4 bxc5 16. Rd1 Qb7 17. Qg4+ Kf8 18. Rd2 Nc6 19. Qf4 Kg7 20. Qg4+ Kf8 21. Qf4 Ke7 22. Qd6+ Ke8 23. e3 Bxf1 24. Rxf1 Na5 25. Qf4 Nb3 26. Rc2 Rd8 27. Qxf6 Qe4 28. Qc3 Rab8 29. Ke2 Qc6 30. Rd1 Rxd1 31. Kxd1 a5 32. Ke2 a4 33. Nd2 Qb5+ 34. Qc4 Ke7 35. Qxb5 Rxb5 36. Nc4 Na1 37. Rd2 Nb3 38. Rc2 f6 39. f3 e5 40. h4 Rb7 41. g4 Na1 42. Rd2 Nb3 43. Rc2 Ke6 44. h5 Kd5 45. Kd3 Ke6 46. Kc3 Rd7 47. Nb6 Rd1 48. Kc4 Re1 49. Kb5 Rxe3 50. Nxa4 Nd4+ 51. Kc4 Nxc2 52. Nxc5+ Ke7 53. Ne4 Rxf3 54. Nd2 Rf4+ 55. Kc3 Ne3 56. Kd3 Nd5 57. Nc4 Rxg4 0-1


[Site "https://www.chess.com"]

[Event "Titled Tuesday Blitz April 12 Early 2022"]
[White "Sailer, Mike"]
[Black "Csonka, Balazs"]
[WhiteFideId "2012901"]
[BlackFideId "742910"]
[WhiteElo "2109"]
[BlackElo "2404"]
[Result "1-0"]
[Round "02"]
[TimeControl "180+1"]
[Date "2022.04.13"]
[WhiteClock "0:00:07"]
[BlackClock "0:00:01"]

1. d4 Nf6 2. Nf3 g6 3. Bf4 Bg7 4. e3 O-O 5. Be2 c5 6. O-O Qb6 7. b3 Nc6 8. c3 d5 9. h3 Ne4 10. Nfd2 e5 11. Nxe4 dxe4 12. dxe5 Nxe5 13. Nd2 Qc6 14. Qc2 f5 15. Nc4 Nxc4 16. Bxc4+ Be6 17. Bxe6+ Qxe6 18. Rad1 Rad8 19. c4 h6 20. Rd2 g5 21. Bh2 Kf7 22. Rfd1 Rxd2 23. Qxd2 Re8 24. Qa5 a6 25. Qxc5 f4 26. Rd6 Qe7 27. exf4 e3 28. fxe3 Qxe3+ 29. Qxe3 Rxe3 30. fxg5 hxg5 31. Rd7+ Kg6 32. Kf2 Rc3 33. Rxb7 Bd4+ 34. Kf1 Rc2 35. Bg3 Rxa2 36. Rd7 Bc5 37. Rc7 Bd4 38. Rc6+ Kf5 39. Rd6 Ke4 40. Rd5 1-0


[Site "https://www.chess.com"]

[Event "Titled Tuesday Blitz April 12 Early 2022"]
[White "Samaganova, Aleksandra"]
[Black "O`Gorman, Tom"]
[WhiteFideId "13800221"]
[BlackFideId "2508249"]
[WhiteElo "1859"]
[BlackElo "2247"]
[Result "1-0"]
[Round "02"]
[TimeControl "180+1"]
[Date "2022.04.13"]
[WhiteClock "0:00:05"]
[BlackClock "0:00:16"]

1. c4 e5 2. Nc3 Bb4 3. Qc2 Nc6 4. e3 Nf6 5. Nf3 O-O 6. Be2 Bxc3 7. bxc3 d6 8. d4 b6 9. O-O Qe7 10. Rb1 Rd8 11. Ba3 Na5 12. Nxe5 c5 13. Nf3 Ba6 14. Nd2 Rac8 15. Qa4 Ne4 16. Nxe4 Qxe4 17. Rfc1 Qe6 18. h3 Bxc4 19. Bxc4 Qxc4 20. Qxc4 Nxc4 21. Bb2 cxd4 22. cxd4 d5 23. Bc3 Rb8 24. Rb5 a6 25. Rb4 b5 26. Rcb1 Nb6 27. Kf1 Rdc8 28. Bd2 Rc4 29. Ke2 Rxb4 30. Bxb4 Nc4 31. Kd3 f6 32. f3 Kf7 33. e4 Ke6 34. Re1 a5 35. Bc5 Rb7 36. exd5+ Kxd5 37. Re8 Rd7 38. Rb8 b4 39. Ra8 h5 40. Rh8 Nb2+ 41. Kc2 Na4 42. Rxh5+ Kc4 43. Rh4 Nxc5 44. dxc5+ Kxc5 45. Rh5+ Rd5 46. Rh7 Rg5 47. g4 a4 48. h4 Re5 49. Rxg7 Re2+ 50. Kb1 a3 51. Rc7+ Kb6 52. Rc8 Rb2+ 53. Ka1 Rf2 54. Kb1 Rxf3 55. g5 fxg5 56. hxg5 Rg3 57. Rg8 Rg2 58. g6 Kb7 59. Rg7+ Kc6 60. Rg8 Kd6 61. Rb8 Rb2+ 62. Ka1 Rg2 63. Kb1 Rxg6 64. Rb6+ Kc5 65. Rxg6 Kc4 66. Rg3 Kb5 67. Kc2 Ka4 68. Rg4 Kb5 69. Kb3 1-0


[Site "https://www.chess.com"]

[Event "Titled Tuesday Blitz April 12 Early 2022"]
[White "Sanchez, Robert"]
[Black "Barp, Alberto"]
[WhiteFideId "2034360"]
[BlackFideId "872555"]
[WhiteElo "2365"]
[BlackElo "2229"]
[Result "0-1"]
[Round "02"]
[TimeControl "180+1"]
[Date "2022.04.13"]
[WhiteClock "0:01:41"]
[BlackClock "0:01:35"]

1. e4 c6 2. d4 d5 3. e5 Bf5 4. Nf3 e6 5. Be2 Ne7 6. Nbd2 Nd7 7. Nb3 h6 8. O-O Bh7 9. a4 Nc8 10. a5 a6 11. c4 Na7 12. cxd5 cxd5 13. Bd2 Be7 14. Rc1 O-O 15. Ne1 Nc6 16. Nd3 Rc8 17. Ndc5 Nxc5 18. Nxc5 Nxd4 19. Be3 Nxe2+ 20. Qxe2 d4 21. Nxb7 Qd5 22. Rcd1 d3 23. Qg4 Qxb7 24. Bxh6 Bg6 25. Bf4 Qxb2 26. h4 Qd4 27. g3 Qe4 28. h5 Bf5 29. f3 Bxg4 30. fxe4 Bxd1 0-1


[Site "https://www.chess.com"]

[Event "Titled Tuesday Blitz April 12 Early 2022"]
[White "Sapunov, Evgeny"]
[Black "Bach, Ngoc Thuy Duong"]
[WhiteFideId "4126661"]
[BlackFideId "12408956"]
[WhiteElo "2470"]
[BlackElo "1862"]
[Result "1-0"]
[Round "02"]
[TimeControl "180+1"]
[Date "2022.04.13"]
[WhiteClock "0:00:16"]
[BlackClock "0:00:05"]

1. c4 e5 2. Nf3 Nc6 3. Nc3 Nf6 4. e3 e4 5. Ng5 Qe7 6. Qc2 Nb4 7. Qb1 d5 8. cxd5 Bf5 9. f3 O-O-O 10. Ngxe4 Nfxd5 11. Nd6+ Qxd6 12. Qxf5+ Qd7 13. Qxd7+ Rxd7 14. Nxd5 Rxd5 15. Bc4 Rc5 16. Bb3 Be7 17. Ke2 f6 18. d4 Rg5 19. g3 Rd8 20. Bd2 Nc6 21. Rac1 Kb8 22. h4 Rb5 23. Bc3 Rb6 24. Rhd1 Bd6 25. g4 Re8 26. Kf2 Bb4 27. Rd2 Bxc3 28. Rxc3 Ne7 29. h5 Rd6 30. f4 c6 31. Kf3 f5 32. g5 Nc8 33. Bc2 g6 34. Rh2 Nb6 35. Bb3 Rd7 36. hxg6 hxg6 37. Rh6 Rg7 38. a3 Nc8 39. Rc5 Nd6 40. Re5 Kc7 41. Rxe8 Nxe8 42. Rh8 Nd6 43. a4 Kd7 44. Bc2 Ke7 45. Bd3 Kd7 46. b4 Kc7 47. Rf8 Kd7 48. Rf6 Kc7 49. b5 cxb5 50. axb5 Rg8 51. Ke2 Rg7 52. Kd2 Rg8 53. Kc3 Rg7 54. Kb4 b6 55. Kc3 Ne8 56. Rf8 Nd6 57. d5 Re7 58. Kd4 Rg7 59. Rf6 Kd7 60. Re6 Rg8 61. Ke5 Ne8 62. e4 fxe4 63. Bxe4 Nc7 64. Rxg6 Re8+ 65. Kf5 Nxb5 66. Rg7+ Kd6 67. Bg2 Kc5 68. Kg4 Nd6 69. g6 Re2 70. Bf3 Re1 71. Rc7+ Kd4 72. Kg3 Ke3 73. Bg2 Re2 74. Re7+ Kd4 75. Rxe2 1-0


[Site "https://www.chess.com"]

[Event "Titled Tuesday Blitz April 12 Early 2022"]
[White "Sarana, Alexey"]
[Black "Maevsky, Nikolay"]
[WhiteFideId "24133795"]
[BlackFideId "4198220"]
[WhiteElo "2666"]
[BlackElo "2126"]
[Result "1-0"]
[Round "02"]
[TimeControl "180+1"]
[Date "2022.04.12"]
[WhiteClock "0:01:27"]
[BlackClock "0:00:14"]

1. d4 d5 2. c4 Nc6 3. Nc3 dxc4 4. e3 e5 5. d5 Nce7 6. Bxc4 Ng6 7. Nge2 Nf6 8. O-O Bd6 9. Nb5 O-O 10. Nxd6 cxd6 11. Nc3 a6 12. a4 e4 13. Qd4 Re8 14. b3 h5 15. Bb2 h4 16. h3 Bf5 17. Rac1 Rc8 18. Be2 Ne5 19. b4 Qd7 20. Kh2 g5 21. b5 g4 22. Rg1 Kf8 23. bxa6 gxh3 24. gxh3 bxa6 25. Rg5 Bxh3 26. Rcg1 Rc4 27. Qd1 Qc8 28. Ba3 Rc5 29. Qd4 Neg4+ 30. Bxg4 Nxg4+ 31. R1xg4 Bxg4 32. Bxc5 dxc5 33. Qg7+ Ke7 34. Rxg4 Qf5 35. Rf4 Qg6 36. Qxg6 fxg6 37. Rxe4+ Kd7 38. Rxe8 1-0


[Site "https://www.chess.com"]